 Dungeon Crawl Stone Soup version 0.28-a0-95-g65e1ffefe4 (webtiles) character file.

Game seed: 9425411998522501394

5 Gargoyl the Skirmisher (level 1, -2/23 HPs)
             Began as a Gnoll Abyssal Knight on Aug 8, 2021.
             Was a Follower of Lugonu.
             Killed from afar by a green death (23 damage)
             ... with a poison arrow
             ... on level 1 of the Abyss.
             The game lasted 00:00:24 (71 turns).

Gargoyl the Skirmisher (Gnoll Abyssal Knight)         Turns: 71, Time: 00:00:25

Health: -2/23      AC:  3    Str: 11    XL:     1   Next: 80%
Magic:  3/3        EV: 11    Int: 11    God:    Lugonu [*.....]
Gold:   0          SH:  0    Dex: 11    Spells: 0/0 levels left

rFire   . . .      SeeInvis .   a - +1 hand axe
rCold   . . .      Faith    .   (no shield)
rNeg    . . .      Spirit   .   b - +0 leather armour
rPois   .          Reflect  .   (no helmet)
rElec   .          Harm     .   (no cloak)
rCorr   .          Rampage  .   (no gloves)
Will    .....                   (no boots)
Stlth   +.........              (no amulet)
HPRegen 0.07/turn               (no ring)
MPRegen 0.08/turn               (no ring)

@: lethally poisoned (-2 -> -22), attractive
A: fangs 1, strong nose, distributed training
a: Renounce Religion, Depart the Abyss


You were on level 1 of the Abyss.
You worshipped Lugonu.
Lugonu was aware of your devotion.
You visited 0 branches of the dungeon, and saw 0 of its levels.
You visited the Abyss 1 time.

Inventory:

Hand Weapons
 a - a +1 hand axe (weapon)
Armour
 b - a +0 leather armour (worn)


   Skills:
 + Level 6.4 Fighting
 + Level 0.1 Short Blades
 + Level 0.1 Long Blades
 + Level 4.4 Axes
 + Level 0.1 Maces & Flails
 + Level 0.1 Polearms
 + Level 0.1 Staves
 + Level 0.1 Slings
 + Level 0.1 Bows
 + Level 0.1 Crossbows
 + Level 0.1 Throwing
 + Level 4.4 Armour
 + Level 2.4 Dodging
 + Level 0.1 Stealth
 + Level 0.1 Shields
 + Level 0.1 Unarmed Combat
 + Level 0.1 Spellcasting
 + Level 0.1 Conjurations
 + Level 0.1 Hexes
 + Level 0.1 Summonings
 + Level 0.1 Necromancy
 + Level 0.1 Translocations
 + Level 0.1 Transmutations
 + Level 0.1 Fire Magic
 + Level 0.1 Ice Magic
 + Level 0.1 Air Magic
 + Level 0.1 Earth Magic
 + Level 0.1 Poison Magic
 + Level 4.4 Invocations
 + Level 0.1 Evocations


You couldn't memorise any spells.
You didn't know any spells.
Your spell library was empty.

Dungeon Overview and Level Annotations

Branches:
Dungeon (0/15)

Altars:


Innate Abilities, Weirdness & Mutations

You have very sharp teeth.
Your uncanny sense of smell can sniff out nearby items.
Your experience applies equally to all skills.


Message History

Found a gateway leading out of the Abyss.
A large abomination comes into view.
Found a gateway leading out of the Abyss.
A large abomination is nearby!
A tentacled starspawn comes into view.
The tentacled starspawn bites you.
The tentacled starspawn barely misses you.
An ufetubus comes into view.
The ufetubus shouts!
You hear a roar!
A tentacle flies out from the starspawn's body!
Found 13 gold pieces and a viscous ruby potion.
A starspawn tentacle comes into view.
You hit the ufetubus.
The ufetubus is heavily wounded.
You hit the starspawn tentacle but do no damage.
The ufetubus hits you. The ufetubus misses you.
The ufetubus barely misses you. x2
The starspawn tentacle grabs you. The starspawn tentacle constricts you.
A starspawn tentacle segment comes into view.
You hit the ufetubus.
You kill the ufetubus!
You hit the starspawn tentacle segment.
You hit the starspawn tentacle but do no damage.
The starspawn tentacle constricts you.
Unknown command.
You escape the starspawn tentacle's grasp.
A green death comes into view.
The green death roars!
A starspawn tentacle comes into view.
You see here a viscous ruby potion.
d - a viscous ruby potion It was a potion of heal wounds.
You feel much better. The green death hits you.
It was a potion of attraction.
You feel attractive to monsters. The green death hits you.
The small abomination is pulled toward you!
The green death gestures at you. The poison arrow hits you!!
You are poisoned.
Ouch! That really hurt!
You die...

. .. . #####.#
... .#.####..#
##..#.#..
##....##
###..2..##
#.....x.#
...#.#@#X.# #
#.........#ยง.#
#..#.#.#.#...###
.. ###.#.#.#.#
#.. ##.#...#.#
.. .........## #
#
#.##..##..#.#..
..###.....#
.#####.#..#..


You could see a green death and a small abomination.

Vanquished Creatures
  An ufetubus (Abyss:1)
1 creature vanquished.

Vanquished Creatures (others)
  4 starspawn tentacles (Abyss:1)
4 creatures vanquished.

Grand Total: 5 creatures vanquished

Notes
Turn   | Place    | Note
-------+----------+-------------------------------------------
     0 | Abyss:1  | Gargoyl the Gnoll Abyssal Knight began the quest for the
                  | Orb.
     0 | Abyss:1  | Reached XP level 1. HP: 23/23 MP: 3/3
    12 | Abyss:1  | Noticed a large abomination
    56 | Abyss:1  | Noticed a tentacled starspawn
    65 | Abyss:1  | Noticed a green death
    71 | Abyss:1  | Killed from afar by a green death

Illustrated notes

Levels and vault maps discovered:
Abyss:1:  base: Temple, base:
Temple

Action                   || total
-------------------------++-------
Melee: Hand axe          ||     2
  Use: Potion            ||     2
Dodge: Dodged            ||     4

Table legend: (Time is in decaauts)
 A = Elapsed time spent in this place.
 B = Non-inter-level travel time spent in this place.
 C = Inter-level travel time spent in this place.
 D = Time resting spent in this place.
 E = Time spent auto-exploring this place.
 F = Levels seen in this place.
 G = Mean time per level.
                   A        B        C        D        E       F      G
               +--------+--------+--------+--------+--------+-----+--------+
         Total |     71 |     71 |      0 |      0 |     11 |   1 |   71.0 |
         Abyss |     71 |     71 |      0 |      0 |     11 |   1 |   71.0 |
               +--------+--------+--------+--------+--------+-----+--------+

Top non-repeatable levels by time:
 Abyss:1: 71 daAuts
